 Dungeon Crawl Stone Soup version 0.32-a0-876-gcfddb08e57 (webtiles) character file.

Game seed: 16453902936082632688

1300 dialectric the Trooper (level 8, -10/70 HPs)
             Began as a Pale Draconian Shapeshifter on Apr 1, 2024.
             Was a Priest of Beogh.
             Killed from afar by Beowulf the orc apostle (13 damage)
             ... with a foxfire
             ... on level 5 of the Dungeon.
             The game lasted 00:06:09 (5312 turns).

dialectric the Trooper (DrSh)                       Turns: 5312, Time: 00:06:09

Health: -10/70     AC:  6    Str: 18    XL:     8   Next: 31%
Magic:  8/8        EV: 12    Int: 11    God:    Beogh [***...]
Gold:   241        SH:  5    Dex: 11    Spells: 7/7 levels left

rFire   . .          .
                       - Unarmed
rCold   . . .        (no shield)
rNeg    . . .        (body armour unavailable)
rPois   .            (helmet currently unavailable)
rElec   .            (cloak currently unavailable)
rCorr   .            (gloves currently unavailable)
SInv    .            (boots currently unavailable)
Will    .....        v - amulet of reflection
Stlth   +            (no ring)
HPRegen 0.31/turn    (no ring)
MPRegen 0.11/turn

%: reflection
@: beast-form, studying Polearms
A: beast (slay +3), steam breath, AC +6, unfitting armour, cold-blooded, steam
resistance
a: Steam Breath, Begin Untransformation, Renounce Religion, Smiting


You were on level 5 of the Dungeon.
You worshipped Beogh.
Beogh was most pleased with you.
You were a hulking beast.
You visited 1 branch of the dungeon, and saw 6 of its levels.

You collected 241 gold pieces.

Inventory:

Hand Weapons
 l - a +0 mace of protection
Missiles
 s - 2 atropa-tipped darts (quivered)
 t - 13 poisoned darts
Armour
 h - a +2 hat
 m - a +0 helmet
Jewellery
 v - an amulet of reflection (around neck)
 x - a +5 ring of evasion
Talismans
 b - a beast talisman (active)
 c - a flux talisman
Wands
 w - a wand of flame (11)
Scrolls
 d - 6 scrolls of identify {unknown}
 e - 2 scrolls of revelation {unknown}
 i - a scroll of teleportation {unknown}
 k - 3 scrolls of fog
 n - a scroll of vulnerability {unknown}
 p - a scroll of amnesia {unknown}
Potions
 a - a potion of curing {unknown}
 f - a potion of haste {unknown}
 g - a potion of mutation {unknown}
 j - a potion of heal wounds
 o - a potion of resistance {unknown}
 q - a potion of cancellation {unknown}
 r - 3 potions of might {unknown}
 u - a potion of berserk rage {unknown}


   Skills:
 + Level 6.0 Fighting
 + Level 3.5 Maces & Flails
 + Level 5.2 Dodging
 - Level 3.0 Unarmed Combat
 + Level 5.7 Shapeshifting


You had 7 spell levels left.
You didn't know any spells.
Your spell library contained the following spells:

 Spells                   Type           Power      Damage    Failure   Level
 Apportation              Tloc           0%         N/A       34%         1
 Necrotise                Necr           0%         1d4       34%         1
 Sting                    Conj/Alch      0%         1d3       34%         1
 Summon Small Mammal      Summ           0%         N/A       34%         1
 Lesser Beckoning         Tloc           0%         N/A       47%         2
 Mercury Vapours          Alch/Air       0%         N/A       47%         2
 Scorch                   Fire           0%         2d5       47%         2
 Dazzling Flash           Conj/Hex       0%         N/A       71%         3
 Summon Ice Beast         Ice/Summ       0%         N/A       71%         3
 Teleport Other           Tloc           0%         N/A       71%         3
 Volatile Blastmotes      Fire/Tloc      0%         2d10      71%         3
 Flame Wave               Conj/Fire      0%         2d4       98%         4
 Fulminant Prism          Conj/Alch      0%         3d5       98%         4
 Iskenderun's Mystic Bla Conj/Tloc 0%             2d3        (+2d1     98%         4
 Maxwell's Portable Pile  Tloc           0%         2d(5-10)  98%         4
 Olgreb's Toxic Radiance  Alch           0%         N/A       98%         4
 Summon Mana Viper        Hex/Summ       0%         N/A       100%        5
 Starburst                Conj/Fire      0%         6d3       100%        6
 Summon Cactus Giant      Summ           0%         N/A       100%        6
 Monstrous Menagerie      Summ           0%         N/A       100%        7
 Maxwell's Capacitive Co  Air            0%         ∞         100%        8


Dungeon Overview and Level Annotations

Branches:
Dungeon (6/15)
 Temple: D:4-7

Altars:
Ashenzari
Dithmenos
Qazlal
Xom
Yredelemnul
Beogh

Shops:
D:3 =


Innate Abilities, Weirdness & Mutations

You are a hulking beast.
Your limbs bulge with bestial killing power. (Slay +3)
Your facial features look somewhat orcish.
You can breathe blasts of scalding, opaque steam.
Your pale cyan-grey scales are hard. (AC +6)
You cannot fit into any form of body armour.
You are cold-blooded and may be slowed by cold attacks.
You are immune to the effects of steam.


Message History

The kobold shouts!
The foxfire hits you. The foxfire hits you!
Found a dagger.
You miss Beowulf. You tail-slap Beowulf.
Beowulf is lightly wounded.
You block Beowulf's attack.
You hit Beowulf.
Beowulf is lightly wounded.
Beowulf points at you and mumbles some strange words.
You block the puff of flame... and reflect it back!
The puff of flame hits Beowulf.
Beowulf resists.
Beowulf hits you with the +11 dagger of the Mauling Whale!
You hit Beowulf.
Beowulf is moderately wounded.
Beowulf barely misses you.
Unknown command.
You barely miss Beowulf.
Your tail-slap misses Beowulf.
Beowulf is moderately wounded.
The kobold closely misses you.
You are too injured to fight recklessly!
You hit Beowulf but do no damage.
Beowulf is moderately wounded.
Beowulf casts a spell.
Beowulf conjures some foxfire!
Beowulf gestures wildly while chanting.
Beowulf conjures some foxfire! 4 foxfires come into view.
Unknown command.
The foxfire hits you! The foxfire attacks as it pursues you!
The foxfire hits you!
* * * LOW HITPOINT WARNING * * *
The foxfire hits you!
* * * LOW HITPOINT WARNING * * *
The kobold attacks as it pursues you! The kobold hits you but does no damage.
Beowulf gestures wildly while chanting.
Beowulf conjures some foxfire! 2 foxfires come into view.
The foxfire hits you!
You die...
Beogh appreciates Beowulf's killing of a heretic priest.

#.#.###..##.#
#.#.###..##.# ........
)..>##...##.####♣.......♣
#.###.....###
...♣......♣. #........##
.......?... #####....#
......†..) # ##..##
##♣..§.§§††♣ # #...♣
##♣.♣.v§§§§... # #...♣
#...hvKo§†....
#)#####♣.))♣.§§...... ###
#.####.).♣.♣........♣ §§#
#)##.♣...♣#♣.♣....... §§#
#.##.)...# ♣♣♣.......
§§## #).♣)..♣## .......
#..###..)..## .......
ß.....)..### .......
..#.######


You could see Beowulf the orc apostle (fast, divinely empowered) and a kobold.

Vanquished Creatures
  Eustachio (D:5)
  A black bear (D:3)
  An orc warrior (D:5)
  2 ogres
  A kobold brigand (D:5)
  A scorpion (D:4)
  4 hounds
  2 orc priests
  A jelly (D:4)
  3 orc wizards
  Natasha (thrice) (D:4)
  3 iguanas
  2 sleepcaps (D:5)
  Robin (D:2)
  4 adders
  A white imp (D:5)
  3 ufetubi (D:5)
  3 ribbon worms
  A dart slug (D:5)
  5 orcs
  7 endoplasms
  A giant cockroach (D:1)
  11 goblins
  12 hobgoblins
  12 jackals
  24 kobolds
  6 quokkas
  7 ball pythons
  4 bats
  7 rats
134 creatures vanquished.

Vanquished Creatures (others)
  2 orcs
  6 foxfires (D:5)
8 creatures vanquished.

Grand Total: 142 creatures vanquished

Notes
Turn   | Place    | Note
-------+----------+-------------------------------------------
     0 | D:1      | dialectric the Draconian Shapeshifter began the quest for
                  | the Orb.
     0 | D:1      | Reached XP level 1. HP: 16/16 MP: 1/1
   310 | D:1      | Reached XP level 2. HP: 19/23 MP: 2/2
   511 | D:1      | Reached skill level 2 in Fighting
  1029 | D:2      | Reached XP level 3. HP: 28/29 MP: 3/3
  1149 | D:2      | Noticed Robin
  1169 | D:2      | Killed Robin
  1370 | D:2      | Reached XP level 4. HP: 37/37 MP: 4/4
  1447 | D:2      | Found a faded altar of an unknown god.
  1468 | D:2      | Prayed at the altar of an unknown god.
  1468 | D:2      | Became a worshipper of Beogh the Shepherd
  1468 | D:2      | Reached * piety under Beogh
  1848 | D:3      | Noticed a black bear
  1856 | D:3      | Killed a black bear
  1857 | D:3      | Reached skill level 3 in Fighting
  1857 | D:3      | Reached XP level 5. HP: 36/45 MP: 5/5
  2074 | D:3      | Found Etudan's Jewellery Boutique.
  2614 | D:4      | Noticed an ogre
  2624 | D:4      | Killed an ogre
  2625 | D:4      | Reached skill level 4 in Fighting
  2625 | D:4      | Reached XP level 6. HP: 52/52 MP: 6/6
  2737 | D:4      | Reached ** piety under Beogh
  2769 | D:4      | Found a broken altar of Ashenzari.
  2769 | D:4      | Found a basalt altar of Yredelemnul.
  2815 | D:4      | Noticed Natasha
  3063 | D:4      | Killed Natasha
  3131 | D:4      | Noticed Natasha
  3141 | D:4      | Killed Natasha
  3186 | D:4      | Noticed Natasha
  3202 | D:4      | Killed Natasha
  3203 | D:4      | Reached skill level 1 in Maces & Flails
  3375 | D:5      | Entered Level 5 of the Dungeon
  3396 | D:4      | Your scales start taking on a pale cyan-grey colour.
  3396 | D:4      | Reached XP level 7. HP: 35/60 MP: 7/7
  3396 | D:4      | Gained mutation: You are immune to the effects of steam.
                  | [Pale Draconian growth]
  3622 | D:4      | Reached skill level 5 in Fighting
  3811 | D:4      | Reached skill level 5 in Shapeshifting
  4709 | D:5      | Found a stormy altar of Qazlal.
  4710 | D:5      | Noticed Eustachio
  4722 | D:5      | HP: 2/61 [Eustachio/+3 antimagic falchion (13)]
  4724 | D:5      | Killed Eustachio
  4725 | D:5      | Reached skill level 5 in Dodging
  4725 | D:5      | Reached XP level 8. HP: 3/70 MP: 1/8
  5099 | D:5      | Found a shadowy altar of Dithmenos.
  5103 | D:5      | Found a shimmering altar of Xom.
  5294 | D:5      | Reached *** piety under Beogh
  5299 | D:5      | Reached skill level 6 in Fighting
  5302 | D:5      | Identified the +11 dagger of the Mauling Whale {heavy, rC+
                  | Int+2}
  5302 | D:5      | Identified the +1 robe of Namuxkuavupn {*Corrode rF+ rC+}
  5302 | D:5      | Noticed Beowulf
  5311 | D:5      | HP: 3/70 [Beowulf the orc apostle/foxfire (17)]
  5312 | D:5      | Killed from afar by Beowulf the orc apostle

Illustrated notes

Levels and vault maps discovered:
D:1:      dpeg_arrival_another_circle, layout_basic
D:2:      layout_loops_cross, basic_ecumenical_altar, uniq_robin
D:3:      layout_basic, serial_shops, nicolae_shop_gaudy_bauble
D:4:      layout_cave_pools, nicolae_overflow_two_pavilions, uniq_natasha
D:5:      kennysheep_kobold_camp, layout_loops_ring, grunt_qazlal_clouds,
          jmf_multi_god_temple, minmay_misc_feat_ornament, minmay_manual_mail,
          uniq_eustachio
D:6:      layout_layer_cave, minmay_temple_entry_sparse_star, serial_shops,
          nicolae_shop_trees, glass_columns_a, uniq_grinder, uniq_menkaure

Skill      XL: |  1  2  3  4  5  6  7  8 |
---------------+-------------------------+-----
Dodging        | 2 3 4 5 |  5.2
Fighting       | 2 3 4 5 6 |  6.0
Shapeshifting  | 4 5 |  5.7
Maces & Flails | 1 3 |  3.5
Unarmed Combat | |  3.0

Action                     |  1- 3 |  4- 6 |  7- 9 || total
---------------------------+-------+-------+-------++-------
  Melee: Unarmed           |   135 |   138 |   200 ||   473
         Tailslap          |    11 |    13 |    32 ||    56
         Punch             |     5 |     4 |     6 ||    15
Ability: Steam Breath      |       |       |     2 ||     2
    Use: Potion            |       |     1 |     1 ||     2
         Scroll            |       |       |     1 ||     1
 Armour: Skin              |    81 |    91 |   131 ||   303
  Dodge: Dodged            |   101 |    91 |   125 ||   317
  Block: Other             |       |       |     4 ||     4
         Reflection        |       |       |     3 ||     3

Table legend: (Time is in decaauts)
 A = Elapsed time spent in this place.
 B = Non-inter-level travel time spent in this place.
 C = Inter-level travel time spent in this place.
 D = Time resting spent in this place.
 E = Time spent auto-exploring this place.
 F = Levels seen in this place.
 G = Mean time per level.
                   A        B        C        D        E       F      G
               +--------+--------+--------+--------+--------+-----+--------+
         Total |   5300 |   5195 |    105 |   1059 |   3047 |   6 |  883.3 |
       Dungeon |   5300 |   5195 |    105 |   1059 |   3047 |   6 |  883.3 |
               +--------+--------+--------+--------+--------+-----+--------+

Top non-repeatable levels by time:
     D:4: 1359 daAuts
     D:5: 1200 daAuts
     D:3: 1032 daAuts
     D:1: 1028 daAuts
     D:2: 670 daAuts
     D:6: 8 daAuts
